 Dungeon Crawl Stone Soup version 0.30.0-13-g156ef70053 (webtiles) character file.

Game seed: 1763315828700547716

164 Esekla the Slasher (level 5, 0/31 HPs)
             Began as a Tengu Warper on May 17, 2023.
             Killed by divine providence
             ... invoked by an orc priest
              (12 damage)
             ... on level 3 of the Dungeon.
             The game lasted 00:08:21 (2092 turns).

Esekla the Slasher (Tengu Warper)                   Turns: 2092, Time: 00:08:22

Health: 0/31       AC:  4    Str: 11    XL:     5   Next: 45%
Magic:  9/9        EV: 14    Int: 16    God:
Gold:   119        SH:  0    Dex: 13    Spells: 4/9 levels left

rFire   . . .        a - +0 falchion
rCold   . . .        (no shield)
rNeg    . . .        b - +0 leather armour
rPois   .            (helmet restricted)
rElec   .            j - +0 cloak
rCorr   .            (no gloves)
SInv    .            (boots unavailable)
Will    .....        (no amulet)
Stlth   +            (no ring)
HPRegen 0.25/turn    (no ring)
MPRegen 0.11/turn

%: no passive effects
@: flying quickly and evasively, quick
A: beak, talons 3, nimble flight
a: no special abilities


You were on level 3 of the Dungeon.
You visited 1 branch of the dungeon, and saw 3 of its levels.

You collected 119 gold pieces.

Inventory:

Hand Weapons
 a - a +0 falchion (weapon)
 i - a +0 dagger
Missiles
 d - 5 boomerangs of dispersal (quivered)
Armour
 b - a +0 leather armour (worn)
 j - a +0 cloak (worn)
Scrolls
 c - 3 scrolls of blinking
 f - a scroll of identify {unknown}
 m - a scroll of amnesia {unknown}
 n - a scroll of poison {unknown}
 p - 3 scrolls of teleportation {unknown}
Potions
 e - a potion of lignification {unknown}
 g - a potion of flight {unknown}
 h - 2 potions of curing
 k - a potion of attraction {unknown}
 l - a potion of degeneration {unknown}
 o - 2 potions of magic {unknown}
 q - a potion of resistance {unknown}
 r - a potion of haste {unknown}


   Skills:
 * Level 2.7 Fighting
 * Level 3.8 Long Blades
 + Level 1.0 Throwing
 + Level 1.5 Armour
 * Level 2.7 Dodging
 + Level 0.1 Stealth
 * Level 2.6 Spellcasting
 + Level 3.0 Translocations
 * Level 1.0 Air Magic


You had 4 spell levels left.
You knew the following spells:

 Your Spells              Type           Power      Damage    Failure   Level
b - Blink                 Tloc           22%        N/A       11%         2
h - Vhi's Electric Charg  Tloc/Air       16%        N/A       32%         3

Your spell library contained the following spells:

 Spells                   Type           Power      Damage    Failure   Level
 Lesser Beckoning         Tloc           22%        N/A       11%         2
 Teleport Other           Tloc           11%        N/A       22%         3
 Manifold Assault         Tloc           11%        N/A       58%         4


Dungeon Overview and Level Annotations

Branches:
Dungeon (3/15)

Altars:


Innate Abilities, Weirdness & Mutations

You have a beak for a mouth.
You have claws for feet.
Your magical nature lets you fly swiftly and evasively.


Message History

Things that are here:
a +0 club; a hobgoblin corpse; an adder corpse
Things that are here:
a +0 falchion; a +0 leather armour As you open the door, it creaks loudly!
There is an open door here.
There is an open door here.
You reach down and open the door.
There is an open door here.
Found a stone staircase leading down.
You see here a staff of fire.
A ball python comes into view.
An orc priest comes into view. It is wielding a +0 dagger.
The ball python hisses angrily.
Found an escape hatch in the floor.
The orc priest shouts!
You hear a shout! 2 orcs come into view.
The ball python closely misses you. x2
The orc shouts! x2
You hit the ball python.
You kill the ball python!
You hit the orc priest.
The orc priest is lightly wounded.
An orc priest comes into view. It is wielding a +0 short sword.
The orc priest calls down the wrath of Beogh upon you.
Beogh smites you!
You slash the orc priest! Your peck misses the orc priest.
The orc priest is heavily wounded.
The orc priest calls down the wrath of Beogh upon you.
Beogh smites you!
* * * LOW HITPOINT WARNING * * *
It was a potion of curing.
You feel better.
The orc priest begins to cast a cantrip, but forgets the words!
An orc priest comes into view. It is wielding a +0 club.
You closely miss the orc priest. You peck the orc priest.
The orc priest is heavily wounded.
The orc priest hits you with a +0 dagger.
The orc priest mumbles some strange prayers to Beogh against you.
Beogh smites you!
You die...

..###..........# S.#
#..........# ..#
#..........###
....+........|..>#
..###..........#.# ..#
#..........#.# ###
#..........#.# ###
#..........#.#####.>.
####..######@#.....#
#....###......##...###
#.#### #.......o......
##.# #.......o....#.
##..# #........o...#
#..## #.......#.o.o#
##.## #..............
#..# ######....#..#.
#.## #.##.#....


You could see 3 orc priests and 2 orcs.

Vanquished Creatures
  A hound (D:2)
  6 adders
  A worm (D:2)
  4 dart slugs
  2 orcs (D:3)
  4 endoplasms
  4 giant cockroaches
  5 goblins
  9 hobgoblins
  5 jackals
  2 kobolds (D:2)
  4 quokkas
  6 ball pythons
  3 bats
  5 frilled lizards
  6 rats
67 creatures vanquished.

Notes
Turn   | Place    | Note
-------+----------+-------------------------------------------
     0 | D:1      | Esekla the Tengu Warper began the quest for the Orb.
     0 | D:1      | Reached XP level 1. HP: 12/12 MP: 4/4
    72 | D:1      | Reached XP level 2. HP: 17/17 MP: 6/6
   177 | D:1      | Learned a level 2 spell: Blink
   630 | D:1      | Reached XP level 3. HP: 21/21 MP: 7/7
   634 | D:1      | Learned a level 3 spell: Vhi's Electric Charge
  1075 | D:2      | Reached XP level 4. HP: 19/27 MP: 8/8
  1698 | D:3      | Gained mutation: Your magical nature lets you fly swiftly
                  | and evasively. [Tengu growth]
  1698 | D:3      | Reached XP level 5. HP: 31/31 MP: 9/9
  1764 | D:3      | Found a faded altar of an unknown god.
  1965 | D:3      | Reached skill level 1 in Air Magic
  2092 | D:3      | Killed from afar by an orc priest

Illustrated notes

Levels and vault maps discovered:
D:1:      dpeg_arrival_simpleton_c, layout_loops_ring,
          chequers_serial_rivers_large_a
D:2:      layout_basic
D:3:      minmay_chambers_of_threes, layout_basic,
          shapermc_ecumenical_altar_hornbeckon

Skill      XL: |  1  2  3  4  5 |
---------------+----------------+-----
Translocations | 3 |  3.0
Long Blades    | 3 |  3.8
Air Magic      | 1 |  1.0
Fighting       | |  2.7
Throwing       | |  1.0
Armour         | |  1.5
Dodging        | |  2.7
Stealth        | |  0.1
Spellcasting   | |  2.6

Action                     |  1- 3 |  4- 6 || total
---------------------------+-------+-------++-------
  Melee: Falchion          |    77 |    82 ||   159
         Kick              |    17 |    23 ||    40
         Punch             |     1 |       ||     1
         Peck              |     3 |    10 ||    13
  Throw: Boomerang         |       |     2 ||     2
   Cast: Vhi's Electric Ch |     1 |       ||     1
    Use: Potion            |       |     1 ||     1
 Armour: Leather armour    |    23 |    17 ||    40
  Dodge: Dodged            |    39 |    52 ||    91
